 Dungeon Crawl Stone Soup version 0.27.0-1-g7a089689b8 (webtiles) character file.

Game seed: 10978507714099975188

331 Kinoniko the Chopper (level 6, 0/52 HPs)
             Began as a Minotaur Fighter on Aug 3, 2021.
             Slain by a jelly (3 damage)
             ... on level 5 of the Dungeon.
             The game lasted 00:03:27 (2386 turns).

Kinoniko the Chopper (Minotaur Fighter)             Turns: 2386, Time: 00:03:27

Health: 0/52       AC: -11   Str: 23    XL:     6   Next: 26%
Magic:  5/5        EV:  7    Int:  5    God:
Gold:   128        SH:  9    Dex:  9    Spells: 5/5 levels left

rFire    . . .     SeeInvis .   o - +2 hand axe (elec)
rCold    . . .     Faith    .   c - +0 kite shield
rNeg     . . .     Spirit   .   b - +0 scale mail
rPois    .         Reflect  .   (helmet restricted)
rElec    .         Harm     .   (no cloak)
rCorr    .         Rampage  .   k - +0 pair of gloves
Will     .....                  (no boots)
Stlth    ..........             (no amulet)
HPRegen  0.17/turn              (no ring)
MPRegen  0.09/turn              (no ring)

@: corroded
A: horns 2, retaliatory headbutt
a: no special abilities


You were on level 5 of the Dungeon.
You visited 1 branch of the dungeon, and saw 4 of its levels.

You collected 128 gold pieces.

Inventory:

Hand Weapons
 a - a +0 war axe
 o - a +2 hand axe of electrocution (weapon)
Missiles
 j - a throwing net (quivered)
Armour
 b - a +0 scale mail (worn)
 c - a +0 kite shield (worn)
 k - a +0 pair of gloves (worn)
 l - a +0 tower shield
 n - a +0 plate armour
Wands
 r - a wand of iceblast (10)
Scrolls
 f - 2 scrolls of fog {unknown}
 h - 2 scrolls of noise
 p - a scroll of fear {unknown}
 q - a scroll of silence {unknown}
Potions
 d - a potion of might
 e - a potion of heal wounds {unknown}
 g - a potion of cancellation {unknown}
 i - a potion of flight {unknown}
 m - a potion of haste {unknown}


   Skills:
 - Level 4.1 Fighting
 * Level 7.6 Axes
 - Level 3.6 Armour
 + Level 4.0 Shields


You had 5 spell levels left.
You didn't know any spells.
Your spell library contained the following spells:

 Spells                   Type           Power      Damage    Failure   Level
 Animate Armour           Summ/Erth      0%         N/A       100%        4
 Blade Hands              Tmut           0%         N/A       100%        5
 Iron Shot                Conj/Erth      0%         9d1       100%        6


Dungeon Overview and Level Annotations

Branches:
Dungeon (5/15)
 Temple: D:4-7

Altars:
Wu Jian
The Shining One

Shops:
D:3 [


Innate Abilities, Weirdness & Mutations

You have a pair of horns on your head.
You reflexively headbutt those who attack you in melee.


Message History

You hear a shout! x3; You hear a croak.
You hit the jelly. The acid corrodes you!
Your hands burn!
The jelly is lightly wounded.
You block the jelly's attack.
You hit the jelly. The acid corrodes you!
Your hands burn!
The jelly is heavily wounded.
The jelly hits you. The acid corrodes you!
You are splashed with acid!
You block the jelly's attack.
You hit the jelly but do no damage.
Your hands burn!
The jelly is heavily wounded.
You block the jelly's attack.
You hit the jelly but do no damage. Lightning courses through the jelly!
You kill the jelly!
No target in view!
Found an ornate altar of the Wu Jian Council.
There is a fountain of clear blue water here.
A jelly comes into view.
The jelly quivers.
A jelly is nearby!
The jelly hits you. The acid corrodes you!
You are splashed with acid.
You are too injured to fight recklessly!
You are too injured to fight recklessly!
You are too injured to fight recklessly!
You are too injured to fight recklessly!
You hit the jelly but do no damage. The acid corrodes you!
Your hands burn!
You headbutt the jelly.
The jelly is lightly wounded.
The jelly hits you.
You are splashed with acid!
* * * LOW HITPOINT WARNING * * *
You hit the jelly but do no damage.
Your hands burn!
* * * LOW HITPOINT WARNING * * *
You headbutt the jelly.
The jelly is heavily wounded.
The jelly barely misses you.
You hit the jelly but do no damage.
Your hands burn!
* * * LOW HITPOINT WARNING * * *
You headbutt the jelly, but do no damage.
The jelly is heavily wounded.
The jelly hits you.
You die...

##....#....##
.###...........#
..#######.######
..######._.#####
......###.###...
......# #####...
.......#####....
###................
#.@J...........#.#
_.#
#.######.........#
.... ##.##
##+##..#..##
.....#...#
#..†#..#....
.......⌠.##
##.⌠....#####
...###....#
#....#....... .
##...###...##.......
#....#....#........
##....)..##...#####


You could see a jelly.

Vanquished Creatures
  A bullfrog (D:5)
  A scorpion (D:5)
  A hound (D:5)
  A bullfrog skeleton (D:5)
  A jelly (D:5)
  An iguana (D:5)
  A hound skeleton (D:5)
  2 adders
  A white imp (D:5)
  A worm (D:2)
  2 dart slugs (D:1)
  2 orcs (D:3)
  4 ball pythons
  6 bats
  5 endoplasms
  3 giant cockroaches
  3 goblins
  7 hobgoblins
  4 jackals (D:2)
  3 kobolds
  2 quokkas (D:2)
  2 frilled lizards
  4 rats
58 creatures vanquished.

Vanquished Creatures (others)
  A plant (D:1)
  14 toadstools (D:1)
15 creatures vanquished.

Grand Total: 73 creatures vanquished

Notes
Turn   | Place    | Note
-------+----------+-------------------------------------------
     0 | D:1      | Kinoniko the Minotaur Fighter began the quest for the Orb.
     0 | D:1      | Reached XP level 1. HP: 19/19 MP: 0/0
    98 | D:1      | Reached skill level 3 in Axes
   134 | D:1      | Reached XP level 2. HP: 27/27 MP: 1/1
   165 | D:1      | Found a faded altar of an unknown god.
   513 | D:1      | Reached XP level 3. HP: 31/33 MP: 2/2
   751 | D:2      | Reached skill level 4 in Axes
  1742 | D:3      | Reached XP level 4. HP: 40/40 MP: 3/3
  1747 | D:3      | Found Otruxtuo's Antique Armour Emporium.
  1769 | D:3      | Noticed a +0 short sword
  1769 | D:3      | Noticed a +0 dagger
  1769 | D:3      | Noticed a +0 short sword
  1770 | D:3      | Noticed a +0 spear
  1771 | D:3      | Noticed a +0 dagger
  1771 | D:3      | Noticed a +0 spear
  1773 | D:3      | Noticed a +0 falchion
  1773 | D:3      | Noticed a +0 falchion
  1888 | D:3      | Reached skill level 5 in Axes
  1998 | D:3      | You fall into a shaft and drop 2 floors!
  1998 | D:5      | Entered Level 5 of the Dungeon
  2006 | D:5      | Noticed a scorpion
  2009 | D:5      | Killed a scorpion
  2014 | D:5      | Reached skill level 6 in Axes
  2014 | D:5      | Reached XP level 5. HP: 46/46 MP: 4/4
  2023 | D:5      | Found a glowing golden altar of the Shining One.
  2272 | D:5      | Reached skill level 7 in Axes
  2361 | D:5      | Reached XP level 6. HP: 52/52 MP: 5/5
  2379 | D:5      | Found an ornate altar of the Wu Jian Council.
  2386 | D:5      | Slain by a jelly

Illustrated notes

Levels and vault maps discovered:
D:1:      nagdon_arrival_zigzag_paths, layout_rooms,
          shapermc_ecumenical_altar_hornbeckon, st_stairs_9,
          serial_park_tiny_pond, minivault_4
D:2:      layout_basic, chequers_serial_rivers_micro_e,
          kennysheep_big_empty_room
D:3:      cheibrodos_helix_gallery, layout_basic, mainiacjoe_overflow_catwalk,
          nicolae_uskayaw_en_pointe, serial_shops, shop
D:5:      layout_basic, mainiacjoe_overflow_tiny_flanked,
          nicolae_tso_swordbearing_angel, elyvilon_altar_5, serial_bayou_ford_a,
          grunt_decor_arrowhead, st_stairs_7, grunt_decor_junction,
          grunt_ministairs_13, dk_vineyard_1, uniq_pikel, uniq_prince_ribbit1

Skill      XL: |  1  2  3  4  5 |
---------------+----------------+-----
Axes           | 3 4 6 7 |  7.6
Fighting       | 4 |  4.1
Shields        | 4 |  4.0
Armour         | |  3.6

Action                   |  1- 3 |  4- 6 || total
-------------------------+-------+-------++-------
Melee: War axe           |    74 |     6 ||    80
       Headbutt          |    10 |     9 ||    19
       Hand axe          |       |    30 ||    30
  Use: Scroll            |       |     1 ||     1
Armor: Scale mail        |    35 |     6 ||    41
Dodge: Dodged            |    43 |    13 ||    56
Block: Kite shield       |     7 |    18 ||    25
